[Event "79th LOTTO Polish-ch 2022"]
[Site "Kruszwica"]
[Date "2022.05.12"]
[Round "2.3"]
[White "Tomczak, Jacek"]
[Black "Socko, Bartosz"]
[Result "1-0"]
[ECO "B11"]
[WhiteElo "2584"]
[BlackElo "2636"]
[Annotator "TA"]
[PlyCount "93"]
[EventDate "2022.05.10"]
[EventType "k.o."]
[EventCountry "POL"]
[SourceTitle "playchess.com"]
[Source "ChessBase"]
[SourceQuality "1"]
[TimeControl "40/5400+30:1800+30"]

1. e4 c6 2. Nc3 d5 3. Nf3 Bg4 4. h3 Bxf3 5. Qxf3 e6 6. Be2 Bc5 {[%emt 0:00:23] B11: Caro-Kann: Two Knights Variation.} 7. O-O Nd7 8. Qg3 Bd4 {[%emt 0:00:35] The position is equal.} (8... Ngf6 {feels hotter.} 9. d3 O-O 10. Bf4 Ne8) 9. exd5 exd5 10. Bd1 Ne7 11. Ne2 {[%emt 0:00:23] [#]} Bf6 $146 (11... Be5 $5 12. Qf3 O-O $11) ({Predecessor:} 11... Be5 12. Qf3 O-O 13. d4 Bd6 14. c3 Ng6 15. Bc2 Qf6 16. Qxf6 Nxf6 17. g3 Rfe8 {1-0 (61) McShane,L (2655)-Ghasi,A (2485) London 2021}) 12. d4 O-O 13. c3 Re8 14. Bc2 Ng6 15. Qd3 Qc7 16. g3 Ndf8 17. h4 Qd7 18. h5 Ne7 19. Qf3 Nc8 {[%emt 0:00:57] [#]} (19... Qd6 $14) 20. h6 $1 $16 Ng6 21. Nf4 (21. Kg2 $142) 21... Nxf4 22. Qxf4 (22. Bxf4 g6 $14) 22... Ne7 {[%emt 0:00:48] This costs Black the game.} (22... Qd6 $16 {keeps fighting.}) 23. hxg7 $18 Bxg7 24. Kg2 {[%emt 0:00:24] Against Qh3+} Ng6 25. Qf3 c5 26. Rh1 (26. dxc5 $6 d4 27. cxd4 Qxd4 $18) 26... cxd4 27. Qh5 Kf8 28. Bh6 {[%emt 0:01:35] [#] Hoping for Bxg7+.} (28. Qxh7 Qd6 29. Bh6 Qf6 30. cxd4 Bxh6 $18) 28... Bxh6 (28... Qd6 {was called for.} 29. Bxg7+ Kxg7 30. Qxh7+ Kf6) 29. Qxh6+ Ke7 30. Qg5+ Kd6 31. Rxh7 (31. cxd4 $142 Qe7 32. Qd2) 31... d3 $2 (31... Qe7 32. Qg4 (32. Qf5 Qe6 $18) 32... Qe2) 32. Bxd3 ({Not} 32. Bb3 Kc7 $18) 32... Ne5 33. Rd1 Kc7 34. Be4 Rad8 $2 (34... Qe7 {might work better.} 35. Qxe7+ Rxe7) 35. Rxd5 Qe6 36. Rxd8 Rxd8 37. Rh6 Qe8 38. Rh5 Nc6 (38... Ng6 39. Bd5 Rd7) 39. Qf4+ Kb6 40. b4 a6 41. Qe3+ Kc7 42. a4 {[%emt 0:00:24] aiming for b5.} Kb8 43. b5 axb5 44. axb5 (44. Qf4+ $142 Ka7 45. axb5) 44... Na5 45. Qf4+ Ka8 46. Bf3 Qe1 47. Qc7 {[%emt 0:00:37] Weighted Error Value: White=0.30/Black=0.54} 1-0

[Event "79th LOTTO Polish-ch 2022"]
[Site "Kruszwica"]
[Date "2022.05.12"]
[Round "2.3"]
[White "Warakomski, Tomasz"]
[Black "Gumularz, Szymon"]
[Result "0-1"]
[ECO "A15"]
[WhiteElo "2534"]
[BlackElo "2513"]
[Annotator "TA"]
[PlyCount "60"]
[EventDate "2022.05.10"]
[EventType "k.o."]
[EventCountry "POL"]
[SourceTitle "playchess.com"]
[Source "ChessBase"]
[SourceQuality "1"]
[TimeControl "40/5400+30:1800+30"]

1. c4 Nf6 2. g3 c6 3. b3 d5 4. Bb2 Bf5 5. Nf3 e6 6. Bg2 Be7 7. O-O O-O 8. d3 h6 9. Nbd2 Nbd7 10. a3 a5 11. Rc1 Bh7 12. Rc2 Bd6 13. Qa1 {[%emt 0:00:40] A12: English Opening: 1...c6 with b3 by White.} Qe7 14. Re1 Rfe8 15. e4 {[%emt 0:00:54] The position is equal.} dxe4 {[%emt 0:00:29] [#]} 16. dxe4 $146 (16. Nxe4 $15 Nxe4 17. dxe4) ({Predecessor:} 16. Nxe4 Nxe4 17. dxe4 e5 18. Rce2 Nc5 19. Qd1 Red8 20. Qc2 Ne6 21. Qc1 f6 22. Rd1 {½-½ (46) Dornieden,M (2117)-Klundt,K (2328) Gladenbach 2011}) 16... e5 $17 17. Nh4 Qe6 (17... Nc5 {is interesting.} 18. Re3 Ng4 19. Rec3 Bc7) 18. h3 Nc5 19. Rc3 Bf8 {[%emt 0:00:30] Black is more active.} 20. Qb1 Rad8 21. Nf1 {[%emt 0:00:21] [#]} (21. Nhf3 $15) 21... Nfxe4 $2 (21... g5 $1 $19 {[%cal Rg5h4] and Black stays clearly on top.} 22. Nf5 {[#]} Nfxe4 $1 23. Bxe4 Nxe4 24. Qxe4 Bxf5) 22. Rxe4 (22. Bxe4 $17 Nxe4 23. Rxe4) 22... g5 $19 ({Stronger than} 22... Bxe4 23. Bxe4 Nxe4 24. Qxe4 $11) 23. Rce3 gxh4 (23... Nxe4 $2 {perishes.} 24. Bxe4 Bxe4 25. Rxe4 gxh4 26. Rxh4 $19) 24. Rg4+ {[%emt 0:00:21] [#]} Qxg4 $1 25. Qxh7+ Kxh7 26. hxg4 hxg3 27. Nxg3 Kg8 28. Nh5 Rd1+ 29. Kh2 {[%emt 0:00:23] Hoping for Nf6+.} Re6 {[%emt 0:00:24] Against Nf6+} 30. Bxe5 {[%emt 0:00:42] [#]} (30. b4 $142 axb4 31. axb4) 30... Rxe5 $1 {[%emt 0:00:29][%mdl 512] Black took control after the opening.  Weighted Error Value: White=0.71/Black=0.26 (precise)} 0-1

[Event "79th LOTTO Polish-ch 2022"]
[Site "Kruszwica"]
[Date "2022.05.12"]
[Round "2.3"]
[White "Nasuta, Grzegorz"]
[Black "Kosakowski, Jakub"]
[Result "1/2-1/2"]
[ECO "C50"]
[WhiteElo "2511"]
[BlackElo "2435"]
[Annotator "TA"]
[PlyCount "101"]
[EventDate "2022.05.10"]
[EventType "k.o."]
[EventCountry "POL"]
[SourceTitle "playchess.com"]
[Source "ChessBase"]
[SourceQuality "1"]
[TimeControl "40/5400+30:1800+30"]

1. e4 e5 2. Nf3 Nc6 3. Bc4 Bc5 4. O-O Nf6 5. d3 d6 6. c3 a5 $1 {[%emt 0:00:22][%mdl 4] 6...a5 is setting a new trend. C54: Giuoco Piano: 4 c3 Nf6, main lines with 5 d4 and 5 d3.} 7. Re1 O-O 8. h3 h6 9. Nbd2 Be6 10. Bb5 Nd7 11. Ba4 {[%emt 0:00:26] [#]} Ba7 $146 ({Predecessor:} 11... Re8 12. Nf1 d5 13. exd5 Bxd5 14. Ne3 Bxe3 15. Bxe3 f5 16. Bb3 Nf6 17. d4 e4 {0-1 (44) Antipov,M (2615)-Niemann,H (2642) Saint Louis 2022}) 12. Nf1 Nc5 13. Bxc6 bxc6 14. d4 exd4 15. Nxd4 Bd7 16. Ng3 Re8 17. Qf3 Rb8 18. Re2 Qe7 (18... a4 $11 {keeps the balance.}) 19. b3 Qf8 20. Nh5 f6 21. Bd2 Qf7 22. Rae1 Re5 23. Ng3 Ne6 24. Qd3 a4 25. Nf3 Reb5 {[%emt 0:01:00] Threatening ...Nc5.} 26. b4 {[%emt 0:00:49] Inhibits Nc5.} c5 27. Nf5 (27. a3 $15) 27... cxb4 (27... R5b7 {keeps more tension.} 28. Qc2 cxb4 29. cxb4 Bb5) 28. cxb4 {[%emt 0:00:21] [#]} Rxb4 ({Black should try} 28... R5b7 $1 $17 29. a3 Bb5) 29. Bxb4 $11 Rxb4 30. Qc3 $36 {[%emt 0:00:30][%mdl 2048] White is pushing.} Bc5 31. Rb2 Rxb2 32. Qxb2 Nf4 33. Qd2 {[%emt 0:00:46] Inhibits Nd3.} Ng6 34. Ne3 Be6 35. Nd5 c6 36. Nc3 {[%emt 0:00:21] White is more active.} (36. Nb4 $14) 36... a3 $2 {[%emt 0:00:37] [#]} (36... Qa7 $1 $11 {and Black is okay.}) 37. Na4 $1 $18 Bxa2 38. Nxc5 ({But not} 38. Ra1 $6 Be6) 38... dxc5 39. Ra1 Be6 40. Rxa3 Qc7 41. Rc3 Qb6 (41... c4 $16 42. Nd4 Bf7) 42. Qd6 Bf7 43. e5 Nf4 (43... fxe5 $142 44. Nxe5 (44. Rxc5 Qb1+ 45. Kh2 Bd5 $16) 44... Nxe5) 44. Qxc5 $2 ({Worse is} 44. Rxc5 Qb1+ 45. Kh2 Qf1 $11) (44. Kh2 $18) 44... Qb1+ $11 {[%emt 0:00:29] The position is equal.} 45. Kh2 Qf1 46. Nh4 {[%emt 0:00:27] aiming for Ra3.} Ne2 47. f3 Qe1 48. Rc2 Qg3+ 49. Kh1 Qe1+ 50. Kh2 {[%emt 0:00:20] Black must now prevent Nf5.} Qg3+ 51. Kh1 {[%emt 0:00:23] Black escapes into a draw.  Weighted Error Value: White=0.17 (very precise) /Black=0.24 (precise)} 1/2-1/2

[Event "79th LOTTO Polish-ch 2022"]
[Site "Kruszwica"]
[Date "2022.05.12"]
[Round "2.3"]
[White "Szpar, Milosz"]
[Black "Janik, Igor"]
[Result "1-0"]
[ECO "C72"]
[WhiteElo "2434"]
[BlackElo "2525"]
[Annotator "TA"]
[PlyCount "87"]
[EventDate "2022.05.10"]
[EventType "k.o."]
[EventCountry "POL"]
[SourceTitle "playchess.com"]
[Source "ChessBase"]
[SourceQuality "1"]
[TimeControl "40/5400+30:1800+30"]

1. e4 e5 2. Nf3 Nc6 3. Bb5 a6 4. Ba4 d6 5. O-O Bd7 6. c3 g6 7. d4 Bg7 8. Re1 b5 {[%emt 0:00:23] 8...Nf6 gains popularity. C76: Ruy Lopez: Deferred Steinitz: 5 c3 Bd7 6 d4 g6.} 9. Bc2 exd4 10. cxd4 Bg4 {[%emt 0:00:21] White is slightly better.} 11. Be3 {[%emt 0:01:11] [#]} (11. d5 $5 Bxf3 12. Qxf3 $14 (12. gxf3 Nd4 $14)) 11... Bxf3 $146 ({Predecessor:} 11... Nge7 12. Nc3 O-O 13. Ne2 Qd7 14. Qd2 Bxf3 15. gxf3 d5 16. Kg2 dxe4 17. fxe4 f5 {0-1 (43) Vallejo Pons,F (2704)-Safarli,E (2601) Moscow 2019}) 12. gxf3 Nge7 13. Nc3 O-O 14. f4 d5 15. e5 Qd7 $1 16. Ne2 Nd8 17. Kh1 f5 (17... f6 $11) 18. Rc1 Ne6 19. Bb3 Rfd8 20. Ng3 Bh6 21. Qf3 a5 22. a3 b4 {[%emt 0:01:21] [#]} (22... a4 $11 {remains equal.} 23. Bc2 c5) 23. a4 $1 $16 {[%emt 0:00:32] White is more active.} Kh8 24. Ne2 Nc8 25. Bc2 Nb6 (25... Rg8 $142) 26. b3 Rac8 (26... Qf7 $16) 27. Bd3 ({White should try} 27. Rg1 $18) 27... c6 (27... Bf8 $16) 28. Rc2 (28. Qh3 $18) 28... Rc7 (28... Bf8 $16) 29. Rec1 (29. Qh3 $18 Bg7 30. Rg1) 29... Bf8 30. h4 {[%emt 0:00:39][%cal Bh2h4,Bh4h5,Bh5h6][%mdl 32] h5 is the strong threat.} Rdc8 {[%emt 0:01:50] Black cannot hold the game after this.} (30... Ng7 $16 {is a better defense.}) 31. h5 $18 Qe8 $2 (31... c5 {keeps fighting.}) 32. Qh3 {[%emt 0:00:35] Black must now prevent hxg6.} Ng7 33. Ng3 Kg8 34. Rg1 Kf7 35. h6 Ne6 {[%emt 0:00:26] [#]} 36. Nxf5 $1 c5 (36... Kg8 37. Nh4) 37. Nd6+ Bxd6 38. exd6 {[%emt 0:00:21] And now f5 would win.} cxd4 39. f5 Nf8 40. fxg6+ Nxg6 41. Rxc7+ Rxc7 42. Bxd4 {[%emt 0:00:40] This bishop pair is nice.} Rc6 43. Qf5+ Kg8 44. Qf6 {[%emt 0:00:21] Weighted Error Value: White=0.31/Black=0.62} 1-0

[Event "79th LOTTO Polish-ch 2022"]
[Site "Kruszwica"]
[Date "2022.05.12"]
[Round "2.4"]
[White "Socko, Bartosz"]
[Black "Tomczak, Jacek"]
[Result "1-0"]
[ECO "A40"]
[WhiteElo "2636"]
[BlackElo "2584"]
[Annotator "TA"]
[PlyCount "142"]
[EventDate "2022.05.10"]
[EventType "k.o."]
[EventCountry "POL"]
[SourceTitle "playchess.com"]
[Source "ChessBase"]
[SourceQuality "1"]
[TimeControl "40/5400+30:1800+30"]

1. d4 Nf6 2. c4 e6 3. g3 c5 4. Nf3 cxd4 5. Nxd4 d5 6. Bg2 e5 7. Nf3 d4 8. O-O Nc6 9. e3 Be7 10. exd4 exd4 11. Bf4 O-O 12. Ne5 Qb6 13. Qb3 {[%emt 0:01:42] 13.Re1 is more advanced technology. E01: Catalan: Early deviations.} (13. Re1 $5 Nxe5 14. Bxe5 $11) 13... Nxe5 14. Qxb6 axb6 15. Bxe5 {[%emt 0:00:22] The position is equal.} d3 {[%emt 0:01:15] [#]} 16. Rd1 $146 ({Predecessor:} 16. Nc3 Be6 17. b3 Nd7 18. Bd4 Bc5 19. Bxc5 Nxc5 20. Nd5 Bxd5 21. Bxd5 Rfe8 22. b4 {½-½ (40) Griego,D (2462)-Henry,R (2340) Newport 1989}) 16... Nd7 17. Bd4 Rd8 18. Nc3 {[%emt 0:00:36] aiming for Nd5.} Bc5 $1 19. Bxc5 ({Much worse is} 19. Rxd3 $6 Ne5 20. Bxc5 Rxd3 $11) 19... Nxc5 20. b4 (20. Bd5 $14) 20... Na4 $1 $11 21. Nxa4 Rxa4 22. a3 ({White should try} 22. Bd5 $11) 22... Rd4 $1 $15 23. Re1 {[%emt 0:02:19][%cal Re1e8] [#]} Be6 (23... Kf8 $1 $17 {...b5 is the strong threat.} 24. Re4 Rd8) 24. Bd5 $1 $11 d2 25. Red1 Bxd5 26. cxd5 Rxd5 {[%emt 0:00:22][%mdl 4096] Endgame KRR-KRR} 27. Ra2 Kf8 28. Raxd2 Rxd2 29. Rxd2 Rxa3 {[%emt 0:00:21] KR-KR} 30. Rd6 Rc3 31. Rxb6 Rc7 32. Kg2 Ke7 33. h4 Rd7 34. h5 h6 35. Kf3 Kd8 36. Ke4 Kc7 37. Rb5 Rd2 $1 38. f3 Rb2 39. Kd4 Kc6 40. Rc5+ Kd6 41. Rd5+ Kc6 {[%emt 0:30:27] Threatens to win with ...Rd2+.} 42. Rc5+ Kd6 43. Kc3 Rg2 44. g4 g6 45. Kd4 Rb2 46. Rd5+ Kc7 $1 47. Kc5 Rc2+ 48. Kb5 Rf2 49. Rd3 gxh5 50. gxh5 b6 $2 (50... Rc2 $11) 51. Rc3+ $18 Kb7 52. Re3 f5 53. Re7+ Kc8 54. Kxb6 $2 ({White must play} 54. Kc6 $18 Kd8 55. Rd7+ Ke8 56. Rd3) 54... Rxf3 $14 55. Rh7 {[%emt 0:00:37] White stays focused until the end.} Rh3 {[%emt 0:00:25] [#]} (55... Kd8 $16 {was necessary.}) 56. Rxh6 $2 (56. Kc6 $1 $18 Rc3+ 57. Kd5) 56... f4 $2 (56... Kd7 $14) 57. b5 {[%emt 0:00:43][%cal Bb4b5,Bb5b6,Bb6b7][%mdl 32] Threatening mate with Rf6.} f3 58. Rf6 {[%emt 0:00:40] White mates.} Kd7 59. Ka6 Rxh5 60. Rxf3 Rh1 61. b6 Rb1 62. Kb7 Rd1 63. Rc3 Rd2 64. Kb8 Rb2 65. b7 Ra2 66. Rd3+ Ke6 67. Rd8 Ra1 68. Rd4 Ke5 69. Rb4 Ke6 70. Kc7 Rc1+ 71. Kb6 Kd5 {Weighted Error Value: White=0.23 (precise) /Black=0.38} 1-0

[Event "79th LOTTO Polish-ch 2022"]
[Site "Kruszwica"]
[Date "2022.05.12"]
[Round "2.4"]
[White "Teclaf, Pawel"]
[Black "Piorun, Kacper"]
[Result "1/2-1/2"]
[ECO "C07"]
[WhiteElo "2537"]
[BlackElo "2635"]
[Annotator "TA"]
[PlyCount "115"]
[EventDate "2022.05.10"]
[EventType "k.o."]
[EventCountry "POL"]
[SourceTitle "playchess.com"]
[Source "ChessBase"]
[SourceQuality "1"]
[TimeControl "40/5400+30:1800+30"]

1. e4 e6 2. d4 d5 3. Nd2 c5 4. Ngf3 cxd4 5. Nxd4 Nc6 6. Bb5 Bd7 7. Nxc6 bxc6 8. Bd3 Bd6 {[%emt 0:00:21] C07: French Tarrasch: 3...c5, 4 Ngf3 and 4 exd5 Qxd5.} 9. Qe2 e5 $1 {[%emt 0:00:21][%mdl 4] is currently scoring better than 9...Ne7.} 10. c4 d4 {[%emt 0:00:21] The position is equal.} 11. c5 Bxc5 12. O-O Ne7 13. Qh5 Ng6 14. f4 $1 Qe7 $1 {[%emt 0:00:34] [#]} 15. Nb3 $146 (15. Nc4 exf4 16. e5 Be6 17. Bxf4 Nxf4 18. Rxf4 g6 $15) ({Predecessor:} 15. g3 O-O-O 16. Nc4 f6 17. Bd2 exf4 18. gxf4 Bb4 19. Rf3 Bxd2 20. Nxd2 Kb8 21. Qa5 {1-0 (55) Talukdar,R (2321)-Thavandiran,S (2420) Kingston 2022}) 15... Bd6 16. f5 Nf4 (16... Qh4 $2 17. Qxh4 Nxh4 18. g3 $18) 17. Bxf4 exf4 18. e5 Bxe5 19. Rfe1 Kd8 20. Rac1 Rb8 21. Na5 Rb6 22. Qf3 Re8 $1 23. Nc4 $36 {[%emt 0:03:27][%mdl 2048] White fights for an advantage.} f6 24. Nxb6 $14 {[%emt 0:00:24] White is more active.} axb6 {[%emt 0:00:21] [#]} 25. Bb5 $1 d3 $1 26. Bxd3 ({Don't go for} 26. Qf2 $2 Qb4 27. Rxe5 (27. Bxd3 $2 Bd4 $19) (27. Qxb6+ $2 Ke7 $19) 27... Rxe5 28. Bxd3 Kc7 $19) 26... Qb4 27. Kh1 Qxb2 (27... Kc7 $16) 28. Be4 (28. Red1 $18 Kc7 29. Be2) 28... c5 $16 29. Rcd1 Bd4 30. Qxf4 {[%emt 0:00:44] White threatens Qb8+ and mate.} Re5 31. Bf3 (31. Qg3 $142) 31... Qxa2 32. Rxe5 Bxe5 {[%emt 0:00:20] This bishop pair is nice.} 33. Qh4 (33. Qe4 $16 {Threatens to win with Qb7.} Ke7 34. Qb7) 33... h6 {[%emt 0:00:39] [#]} (33... Kc7 $11 {remains equal.}) 34. Qg4 ({Better is} 34. Qe4 $1 $16 {[%cal Re4b7] Black must now prevent Qb7.} Ke7 35. Bh5) 34... Qf7 (34... Kc7 $1 $11) 35. Qa4 {[%emt 0:00:42][%mdl 1024] White has strong compensation.} Bd4 36. Qa8+ Bc8 37. Re1 {[%emt 0:00:29] Re6 is the strong threat.} Be5 $1 38. Qc6 Qc7 {[%emt 0:00:32] And now ...Qxc6 would win.} 39. Qd5+ Qd7 40. Qb3 {[%emt 0:00:30] aiming for Rd1.} Kc7 41. Qa2 Kd8 42. Qg8+ Kc7 43. Qa2 Kd8 44. Rb1 b5 45. Qg8+ Kc7 46. Qa2 (46. Rd1 $11 Bd4 47. Re1) 46... Kd8 $2 (46... Kb6 $17 47. Qa8 h5) 47. Qa5+ Bc7 $2 {[%emt 0:00:21] [#]} (47... Ke7 $14) 48. Qc3 $2 ({Weaker is} 48. Qxb5 Qxb5 49. Rxb5 Bxf5 $14) (48. Qa7 $1 $18 Bd6 49. Qb6+ Qc7 50. Qxb5 (50. Rxb5 Bd7 $14) 50... Bxf5 51. Re1) 48... Qxf5 $11 49. Rxb5 Qe5 ({Black should try} 49... Bd6 $1 $11) 50. Qxe5 $14 {[%emt 0:00:35][%mdl 64] Remove Defender. Dancing on a razor blade.} Bxe5 51. Rxc5 {[%emt 0:00:21][%mdl 4096] Endgame KRB-KB} Be6 52. Rc1 Ke7 53. Rb1 f5 54. Rb7+ Kf6 55. Rb6 {[%emt 0:00:21] Hoping for Bd5.} Kf7 56. Bh5+ Ke7 57. Bf3 Kf7 58. Rb5 {[%emt 0:00:28] Weighted Error Value: White=0.22 (precise) /Black=0.24 (precise)} 1/2-1/2

[Event "79th LOTTO Polish-ch 2022"]
[Site "Kruszwica"]
[Date "2022.05.12"]
[Round "2.4"]
[White "Janik, Igor"]
[Black "Szpar, Milosz"]
[Result "1/2-1/2"]
[ECO "B23"]
[WhiteElo "2525"]
[BlackElo "2434"]
[Annotator "TA"]
[PlyCount "103"]
[EventDate "2022.05.10"]
[EventType "k.o."]
[EventCountry "POL"]
[SourceTitle "playchess.com"]
[Source "ChessBase"]
[SourceQuality "1"]
[TimeControl "40/5400+30:1800+30"]

1. e4 c5 2. Nc3 d6 3. d4 cxd4 4. Qxd4 Nc6 5. Qd2 g6 6. b3 {[%emt 0:00:21] B23: Closed Sicilian: Lines without g3.} Bh6 7. f4 Nf6 8. Bb2 O-O 9. O-O-O e5 {[%emt 0:00:35] 9...e5 scores better than 9...a5.} 10. g3 Nd4 11. Kb1 (11. Nge2 $5 ) 11... Re8 12. Bg2 Bg4 {[%emt 0:00:56] Prevents Nf3.} 13. Rf1 b5 (13... d5 $5) 14. h3 Bd7 {[%emt 0:01:20] [#]} 15. g4 $146 {[%emt 0:01:16] Hoping for g5.} ({Predecessor:} 15. Nce2 Nxe2 16. Nxe2 Bc6 17. Qd3 Bg7 18. f5 d5 19. g4 Nxe4 20. Bxe4 dxe4 21. Qg3 {½-½ (33) Perunovic,M (2425)-Heinemann,J (2285) Belgrade 2021}) 15... Bg7 $1 (15... b4 16. Nce2 $16) 16. f5 ({Better is} 16. Nce2 $11) 16... Rc8 $1 $15 {[%emt 0:01:11] aiming for ...b4.} (16... b4 17. Nce2 $11) 17. Rc1 b4 ({Much worse is} 17... gxf5 $6 18. exf5 d5 19. Nxd5 $11) 18. Nce2 Nxe2 $2 ({But not} 18... gxf5 $6 19. gxf5 Nxe2 20. Nxe2 $14) (18... Bc6 $1 $17 {and life is bright.} 19. Nxd4 exd4 20. Qxd4 Qa5) 19. Nxe2 $16 Bc6 20. Ng3 ({Weaker is} 20. Qxb4 a5 21. Qe1 Bxe4 22. Bxe4 Nxe4 $15) 20... d5 21. Qxb4 (21. Rcd1 $16) 21... Bh6 $1 $11 22. Rcd1 {[%emt 0:03:34] Threatens to win with exd5.} d4 {[%emt 0:00:27][%mdl 1024] Black has compensation.} 23. Bc1 {[%emt 0:03:05] [#]} (23. fxg6 $15 hxg6 24. Qe1) 23... Bf8 $2 (23... a5 $1 $17 24. Qe1 Bf4) 24. Qd2 a5 (24... Qb6 $14) 25. Rhf1 $2 (25. g5 $16 Nh5 {[#]} 26. fxg6 $1 fxg6 27. Nxh5 gxh5 28. Qe2) 25... Bb5 26. Rf3 Rc6 27. Bf1 Qb6 (27... Bxf1 $11 {should be considered.} 28. Rdxf1 a4) 28. Bxb5 Qxb5 29. Qd3 (29. fxg6 $1 $14 fxg6 30. c3) 29... Qb6 $1 $15 30. Bb2 Rec8 31. Rc1 {[%emt 0:00:20] Black continues to play with concentration.} (31. Rdf1 $15) 31... Bh6 $17 32. c4 $2 (32. Rcf1 $17 {is more resistant.}) 32... Bxc1 $19 33. Kxc1 a4 34. Nf1 axb3 35. axb3 Nd7 36. Nd2 Nc5 37. Qf1 g5 38. h4 (38. Ba3 $142) 38... d3 39. Rxd3 Nxd3+ 40. Qxd3 Rd6 41. Qg3 Rcd8 42. Bc3 f6 {[%emt 0:00:39] ( -> ...gxh4)} 43. Kc2 Rd3 (43... Qa7 $142 44. Qh2 Qa2+ 45. Kc1 Rd3 46. Bb4 Rxb3 47. Nxb3 Qxh2 48. Nd2 gxh4 49. Ba5 Rb8 50. Kc2 h3 51. Bc7 Ra8 52. Kc3 Ra3+ 53. Nb3 Qg3+ 54. Kb4 Qxb3+ 55. Kc5 Qb7 56. Bxe5 fxe5 57. f6 Ra6 58. f7+ Kxf7 59. g5 Qb6+ 60. Kd5 Qd6#) 44. Qe1 Qa7 45. Kb2 {[%emt 0:01:05] [#]} Rxc3 $1 46. Kxc3 {[%emt 0:00:21] KQR-KQN} Qd4+ 47. Kc2 Qd3+ 48. Kd1 Qxb3+ 49. Ke2 Qd3+ 50. Kd1 Qb3+ (50... Ra8 $142 51. Kc1 Ra2 52. Qd1 Qc3+ 53. Kb1 Qb2#) 51. Ke2 $1 Qd3+ (51... Qc2 $19 52. h5 Rd4) 52. Kd1 $1 {[%emt 0:00:22][%mdl 32768] Weighted Error Value: White=0.86/Black=0.59. An unexpected result.} 1/2-1/2

[Event "79th LOTTO Polish-ch 2022"]
[Site "Kruszwica"]
[Date "2022.05.12"]
[Round "2.4"]
[White "Gumularz, Szymon"]
[Black "Warakomski, Tomasz"]
[Result "1-0"]
[ECO "A80"]
[WhiteElo "2513"]
[BlackElo "2534"]
[Annotator "TA"]
[PlyCount "89"]
[EventDate "2022.05.10"]
[EventType "k.o."]
[EventCountry "POL"]
[SourceTitle "playchess.com"]
[Source "ChessBase"]
[SourceQuality "1"]
[TimeControl "40/5400+30:1800+30"]

1. d4 f5 2. Nf3 Nf6 3. c4 g6 4. e3 Bg7 5. b4 O-O 6. Bb2 {[%emt 0:00:23] A84: Dutch Defence: 2 c4 Miscellaneous.} d6 7. Nc3 Qe8 8. c5 {[%emt 0:00:51] [#] White is slightly better.} a5 $146 ({Predecessor:} 8... Ne4 9. Bc4+ e6 10. cxd6 cxd6 11. O-O Nxc3 12. Bxc3 Nd7 13. Rc1 Nf6 14. b5 Ne4 {0-1 (77) Goryachkina,A (2485)-Bodnaruk,A (2475) Sochi 2016}) 9. a3 Kh8 10. Bc4 $1 c6 11. cxd6 (11. O-O $16) 11... exd6 $11 12. O-O Nbd7 13. b5 Ne4 14. Qc2 Nb6 15. Be2 Nxc3 16. Bxc3 cxb5 17. d5 Nxd5 18. Bxg7+ Kxg7 19. Rfd1 Nf6 20. Rxd6 Ra6 {[%emt 0:00:23] Against Rb6} 21. Rd4 {[%emt 0:01:27][%mdl 1024] White has compensation. White is more active.} Rf7 22. Qb2 Bd7 (22... Rb6 $16 {keeps fighting.}) 23. Rad1 {[%emt 0:00:33] Threatens to win with Ng5.} h6 {[%emt 0:01:22] Inhibits Ng5.} 24. h4 $1 Kh7 {[%emt 0:01:17] [#]} 25. Bxb5 Rb6 $14 {[%emt 0:02:49] [#]} 26. Bxd7 Rxb2 27. Bxe8 Nxe8 28. Ne5 Rg7 29. Rd8 Nc7 (29... Nf6 $11) 30. Rb8 {[%emt 0:01:30] Rdd8 is the strong threat.} Ne6 {[%emt 0:03:07] Inhibits Rdd8.} 31. Rd6 Re7 {[%emt 0:00:31] [#]} 32. Nc6 $1 Rb6 33. Nxe7 Rxd6 34. Rxb7 $18 {[%emt 0:00:22][%mdl 4096] Endgame KRN-KRN} Rd3 35. Nxf5+ Kh8 36. Rb8+ Kh7 {[%emt 0:00:21] [#]} 37. Rb7+ $2 (37. Rb6 $1 $18) 37... Kg8 $2 (37... Kh8 $11) 38. Ne7+ Kf7 39. Nd5+ (39. Ra7 $142) 39... Kf8 40. Rb8+ Kf7 41. Rb7+ $2 (41. Rb5 $16) 41... Kg8 $2 (41... Kf8 $11) 42. Ne7+ $2 (42. Nf6+ $18 Kf8 43. a4) 42... Kh7 $2 (42... Kf7 $11) 43. Nd5+ $2 (43. Ra7 $18) 43... Kh8 $2 (43... Kg8 $1 $11 {and Black has nothing to worry.}) 44. Nf6 Rc3 45. Rh7# {Weighted Error Value: White=0.48/Black=1.03} 1-0